 Dungeon Crawl Stone Soup version 0.19.5 (webtiles) character file.

12014 HAWKINGL3623 the Fighter (level 11, -3/94 HPs)
             Began as a Red Draconian Berserker on Mar 25, 2017.
             Was a High Priest of Trog.
             Slain by a white ugly thing (23 damage)
             ... on level 11 of the Dungeon on Mar 26, 2017.
             The game lasted 01:14:46 (12073 turns).

HAWKINGL3623 the Fighter (Red Draconian Berserker) Turns: 12073, Time: 01:14:49

Health: -3/94      AC: 10    Str: 17    XL:     11   Next: 56%
Magic:  10/10      EV: 15    Int: 13    God:    Trog [*****.]
Gold:   587        SH: 11    Dex: 14    Spells: 0 memorised, 10 levels left

rFire  + . .     SeeInvis .     L - +3 hunting sling (velocity)
rCold  . . .     Gourm    .     (armour unavailable)
rNeg   . . .     Faith    +     g - +1 shield
rPois  .         Spirit   .     (helmet restricted)
rElec  .         Reflect  .     n - +0 cloak
rCorr  .         Harm     .     e - +0 pair of gloves
MR     .....                    k - +0 pair of boots
Stlth  ++........               a - amulet of faith
                                y - +3 ring of intelligence
                                u - +2 ring of intelligence

@: short of breath, slowed, very slow
A: breathe fire, unfitting armour, hooves 1, deterioration 1, fire resistance 1,
low mp 1, slow regeneration 1, weak 1, cold-blooded, AC +7
a: Breathe Fire, Berserk, Trog's Hand, Brothers in Arms, Burn Spellbooks,
Renounce Religion


You were on level 11 of the Dungeon.
You worshipped Trog.
Trog was extremely pleased with you.
You were hungry.

You visited 2 branches of the dungeon, and saw 12 of its levels.
You also visited: Ossuary.

You collected 587 gold pieces.

Inventory:

Hand Weapons
 h - a +0 blowgun
 i - a +2 dagger of venom
 G - a +2 whip of electrocution
 L - a +3 hunting sling of velocity (weapon)
Missiles
 c - 208 stones
 o - 152 sling bullets (quivered)
 p - 12 tomahawks
 q - 49 poisoned needles
 K - 5 tomahawks of returning
Armour
 e - a +0 pair of gloves (worn)
 g - a +1 shield (worn)
 k - a +0 pair of boots (worn)
 n - a +0 cloak (worn)
Jewellery
 a - an amulet of faith (around neck)
 u - a +2 ring of intelligence (left hand)
 y - a +3 ring of intelligence (right hand)
Wands
 d - a wand of flame (14/48)
 m - a wand of lightning (2/15)
 D - a wand of lightning (9/15)
 F - a wand of slowing (16/48)
 H - a wand of flame (30/48)
Scrolls
 b - 3 scrolls of identify
 f - 3 scrolls of remove curse
 j - a scroll of teleportation
 l - a scroll of recharging
Potions
 r - a potion of haste
 t - 2 potions of flight
 v - a potion of agility
 x - 4 potions of magic
 z - a potion of invisibility
 A - a potion of resistance
 B - a potion of lignification
 C - 5 potions of curing
 I - a potion of ambrosia
Comestibles
 s - 3 meat rations
 w - a royal jelly
 E - 32 fruits
 J - a bread ration


   Skills:
 + Level 8.2 Fighting
 + Level 6.0 Short Blades
 + Level 6.7 Maces & Flails
 + Level 7.9(8.2) Slings
 + Level 3.4(6.1) Throwing
 + Level 8.2 Dodging
 + Level 3.6 Stealth
 + Level 6.9 Shields
 + Level 0.8 Evocations


You had 10 spell levels left.
You didn't know any spells.

Dungeon Overview and Level Annotations

Branches:
Dungeon (11/15)              Lair (1/6) D:9             Orc (0/2) D:9
 Temple: D:4-7

Altars:
Dithmenos
Elyvilon
Gozag
Makhleb
Qazlal
Ru
Xom
Zin
Beogh

Annotations:
D:4 gavin's ghost, novice MiBe


Innate Abilities, Weirdness & Mutations

You can breathe blasts of fire.
Your fiery red scales are hard. (AC +7)
You cannot fit into any form of body armour.
Your flesh is heat resistant. (rF+)
You are cold-blooded and may be slowed by cold attacks.
You have large cloven feet.
Your body sometimes deteriorates upon taking damage.
Your magical capacity is low. (-10% MP)
You regenerate slowly when monsters are visible.
You are weak. (Str -2)


Message History

You feel yourself slow down.
You feel yourself speed up.
The white ugly thing closely misses you.
Press: ? - help, Shift-Dir - straight line, f/p - white ugly thing
Aim: a white ugly thing You breathe a blast of fire.
The fiery breath hits the white ugly thing.
The white ugly thing is lightly wounded.
You feel somewhat more hungry. The white ugly thing trunk-slaps you.
The white ugly thing freezes you!!
You feel yourself slow down.
* * * LOW HITPOINT WARNING * * *
Unknown command.
Okay, then.
Your troll goes berserk!
You are feeling hungry.
You feel yourself speed up. The white ugly thing trunk-slaps you.
* * * LOW HITPOINT WARNING * * *
The white ugly thing freezes you!!
You feel yourself slow down.
You die...

#...................
#...................
#########........%..
#.....#######.##..
#.......)......#..
#..............#..
#...#..........#..
#T.............#..
#######@.............#..
+.....u#####.........#..
#......# #.........#..
#.####.# ###########..
#....(.# #.. #.....ยง#
#.> ........# #..
........# #.. ........#
#..


You could see a white ugly thing and a friendly troll (berserk).

Vanquished Creatures
  Pikel (D:8)
  3 hill giants
  2 kobold demonologists (D:9)
  2 two-headed ogres
  2 hippogriffs
  Sigmund (D:2)
  3 yaks (D:9)
  A wraith (D:11)
  Duvessa (D:7)
  8 ice beasts
  3 phantoms
  6 orc warriors
  5 sky beasts
  6 ogres
  4 centaurs
  2 big kobolds (D:9)
  9 bullfrogs
  Dowan (D:7)
  4 water moccasin zombies (Ossuary)
  A scorpion (D:10)
  3 jellies
  2 howler monkeys (D:10)
  5 crimson imps
  A centaur zombie (D:8)
  10 orc priests
  A bullfrog skeleton (D:10)
  11 orc wizards
  3 centaur skeletons
  2 hounds
  2 iguanas (D:6)
  6 worker ants
  3 big kobold zombies (Ossuary)
  2 hound zombies
  3 mummies
  A worker ant zombie (D:9)
  3 gnolls (D:3)
  13 adders
  2 shadow imps
  9 adder zombies (Ossuary)
  6 adder skeletons
  3 worms
  3 dart slugs
  5 leopard geckos
  43 orcs
  3 bats
  6 giant cockroaches
  A gnoll zombie (Ossuary)
  2 goblins (D:1)
  8 hobgoblins
  2 jackals (D:2)
  4 quokkas
  2 ball pythons
  5 frilled lizards
  4 hobgoblin zombies (Ossuary)
  31 kobolds
  4 kobold zombies (Ossuary)
  5 orc zombies (Ossuary)
  3 quokka skeletons
  9 rats
  3 plants (D:9)
299 creatures vanquished.

Vanquished Creatures (collateral kills)
  Erica (D:11)
  2 hill giants
  2 ugly things
  A troll (D:9)
  A sky beast (D:5)
  A centaur (D:11)
  4 killer bees (D:9)
  An adder (D:9)
13 creatures vanquished.

Vanquished Creatures (others)
  An ogre (D:5)
  A big kobold (D:8)
  A crimson imp (D:8)
  A shadow imp (D:8)
  An ooze (D:5)
  A gnoll zombie (Ossuary)
  A kobold (D:1)
  A kobold zombie (Ossuary)
  2 plants (D:9)
10 creatures vanquished.

Grand Total: 322 creatures vanquished

Notes
Turn   | Place    | Note
-------+----------+-------------------------------------------
     0 | D:1      | HAWKINGL3623 the Draconian Berserker began the quest for the Orb.
     0 | D:1      | Reached XP level 1. HP: 19/19 MP: 1/1
    55 | D:1      | Gained mutation: You have large cloven feet. [potion of mutation]
    55 | D:1      | Gained mutation: You are occasionally teleported next to monsters. [potion of mutation]
    55 | D:1      | Gained mutation: You are frail. (-10% HP) [potion of mutation]
   100 | D:1      | Reached XP level 2. HP: 9/23 MP: 2/2
   560 | D:1      | Gained mutation: Scrolls take you a little longer to read. [potion of mutation]
   983 | D:2      | Reached XP level 3. HP: 23/29 MP: 3/3
   994 | D:2      | Reached ** piety under Trog
  1451 | D:2      | Found a glowing silver altar of Zin.
  1489 | D:2      | Reached XP level 4. HP: 34/36 MP: 4/4
  1519 | D:2      | Noticed Sigmund
  1528 | D:2      | Killed Sigmund
  1528 | D:2      | Reached skill level 1 in Short Blades
  1528 | D:2      | Reached skill level 1 in Throwing
  1528 | D:2      | Reached skill level 1 in Shields
  1528 | D:2      | Reached XP level 5. HP: 41/41 MP: 5/5
  2000 | D:3      | Reached XP level 6. HP: 47/47 MP: 6/6
  2141 | D:3      | Found a faded altar of an unknown god.
  2722 | D:4      | Reached skill level 1 in Stealth
  2731 | D:4      | Reached *** piety under Trog
  3075 | D:4      | Noticed gavin's ghost (novice MiBe)
  3124 | D:5      | Entered Level 5 of the Dungeon
  3317 | D:5      | Reached skill level 1 in Slings
  3317 | D:5      | Your scales start taking on a fiery red colour.
  3317 | D:5      | Reached XP level 7. HP: 47/54 MP: 7/7
  3317 | D:5      | Gained mutation: Your flesh is heat resistant. (rF+) [Red Draconian growth]
  3522 | D:5      | Found a sand-covered staircase.
  3539 | Ossuary  | Entered an ossuary
  3943 | Ossuary  | Reached **** piety under Trog
  3953 | Ossuary  | Reached skill level 5 in Dodging
  3962 | Ossuary  | Reached skill level 5 in Fighting
  4183 | Ossuary  | Reached XP level 8. HP: 55/61 MP: 8/8
  4262 | D:5      | Found an opulent altar of Gozag.
  4494 | D:5      | Reached skill level 5 in Maces & Flails
  4516 | D:5      | Found a shimmering altar of Xom.
  5413 | D:6      | Found a stormy altar of Qazlal.
  5619 | D:6      | Found a sacrificial altar of Ru.
  5654 | D:6      | Noticed a hill giant
  5795 | D:6      | Received a gift from Trog
  5805 | D:6      | Reached XP level 9. HP: 61/67 MP: 9/9
  5820 | D:6      | Lost mutation: Scrolls take you a little longer to read. [mutagenic meat]
  5821 | D:6      | Gained mutation: Your body sometimes deteriorates upon taking damage. [mutagenic meat]
  5822 | D:6      | Gained mutation: Your magical capacity is low. (-10% MP) [mutagenic meat]
  5823 | D:6      | Gained mutation: Potions and wands are less effective at restoring your health. [mutagenic meat]
  5824 | D:6      | Gained mutation: You possess an exceptional clarity of mind. [mutagenic meat]
  6113 | D:6      | Found a white marble altar of Elyvilon.
  6336 | D:6      | Found Igumma Ikhla's Distillery.
  6500 | D:6      | Killed a hill giant
  6500 | D:6      | Reached skill level 5 in Slings
  6822 | D:7      | Reached skill level 5 in Short Blades
  6916 | D:7      | Noticed Duvessa
  7181 | D:7      | Killed Duvessa
  7189 | D:7      | Noticed Dowan
  7198 | D:7      | Killed Dowan
  7206 | D:7      | Lost mutation: You are frail. (-10% HP) [potion of cure mutation]
  7206 | D:7      | Lost mutation: You are occasionally teleported next to monsters. [potion of cure mutation]
  7206 | D:7      | Lost mutation: Potions and wands are less effective at restoring your health. [potion of cure mutation]
  7266 | D:7      | Found a burning altar of Makhleb.
  7353 | D:7      | Reached skill level 5 in Shields
  7354 | D:7      | Found a shadowy altar of Dithmenos.
  7710 | D:8      | Reached XP level 10. HP: 84/84 MP: 9/9
  7724 | D:8      | Gained mutation: You regenerate slowly when monsters are visible. [mutagenic meat]
  7725 | D:8      | Lost mutation: You possess an exceptional clarity of mind. [mutagenic meat]
  7772 | D:8      | Noticed Pikel
  7798 | D:8      | Killed Pikel
  8724 | D:9      | Found a roughly hewn altar of Beogh.
  8724 | D:9      | Found a staircase to the Orcish Mines.
  8760 | D:9      | Found a staircase to the Lair.
  8769 | Lair:1   | Entered Level 1 of the Lair of Beasts
  9273 | D:9      | Reached ***** piety under Trog
  9457 | D:9      | Noticed a soul eater
  9664 | D:9      | Received a gift from Trog
  9862 | D:9      | Noticed a brown ugly thing
  9884 | D:9      | Killed a brown ugly thing
  9903 | D:9      | Gained mutation: You are weak. (Str -2) [mutagenic meat]
 10239 | D:9      | Reached XP level 11. HP: 93/93 MP: 10/10
 10530 | D:10     | Entered Level 10 of the Dungeon
 11383 | D:10     | Noticed a hill giant
 11389 | D:10     | Killed a hill giant
 11436 | D:10     | Received a gift from Trog
 11765 | D:11     | Noticed a hill giant
 11795 | D:11     | Killed a hill giant
 11837 | D:11     | Noticed a hill giant
 11848 | D:11     | Killed a hill giant
 11890 | D:11     | Noticed a hill giant
 11896 | D:11     | Killed a hill giant
 11904 | D:11     | Noticed a purple ugly thing
 11908 | D:11     | Noticed Erica
 11909 | D:11     | Killed a purple ugly thing
 11914 | D:11     | Killed Erica
 11914 | D:11     | Received a gift from Trog
 12066 | D:11     | Noticed a white ugly thing
 12073 | D:11     | Slain by a white ugly thing

Skill      XL: |  1  2  3  4  5  6  7  8  9 10 11 |
---------------+----------------------------------+-----
Dodging        | 3 4 5 6 7 8 |  8.2
Fighting       | 4 5 6 7 8 |  8.2
Short Blades   | 1 2 3 5 6 |  6.0
Maces & Flails | 4 5 6 |  6.7
Throwing       | 1 2 3 |  3.4
Shields        | 1 2 3 5 6 |  6.9
Stealth        | 1 2 3 |  3.6
Slings         | 1 2 4 5 6 7 |  7.9
Evocations     | |  0.8

Action                   |  1- 3 |  4- 6 |  7- 9 | 10-12 || total
-------------------------+-------+-------+-------+-------++-------
Melee: Mace              |    74 |     1 |    83 |       ||   158
       Kick              |    18 |     7 |       |       ||    25
       Tailslap          |     9 |    12 |    78 |    56 ||   155
       Dagger            |    19 |   101 |   377 |   110 ||   607
       Hunting sling     |       |       |     1 |       ||     1
       Whip              |       |       |       |   275 ||   275
 Fire: Hunting sling     |       |    50 |   103 |   135 ||   288
       Blowgun           |       |       |     2 |    10 ||    12
Throw: Stone             |    32 |       |    31 |       ||    63
       Tomahawk          |       |       |       |     5 ||     5
Invok: Berserk           |     2 |     5 |     4 |     3 ||    14
       Brothers in Arms  |       |       |     1 |     5 ||     6
       Burn Spellbooks   |       |       |     1 |     1 ||     2
 Abil: Breathe Fire      |       |       |    27 |    24 ||    51
Evoke: Wand              |       |       |     3 |     1 ||     4
  Use: Potion            |     7 |     4 |     8 |     1 ||    20
       Scroll            |     6 |     4 |     8 |     7 ||    25
 Stab: Sleeping          |       |     2 |     2 |     1 ||     5
       Distracted        |       |       |     1 |     1 ||     2
  Eat: Chunk             |     3 |     8 |    11 |    20 ||    42
       Pizza             |       |     1 |       |     1 ||     2
       Beef jerky        |       |     1 |       |     1 ||     2
       Bread ration      |       |       |     4 |     1 ||     5
       Fruit             |       |       |       |     3 ||     3
Armor: Skin              |    38 |    35 |   112 |    63 ||   248
Dodge: Dodged            |    71 |    56 |   172 |   139 ||   438
Block: Shield            |    29 |    51 |   183 |   144 ||   407
